Map: Year Zero LE

Players

PtitDrogo - Winner!

  • Race: Protoss Protoss
  • League: Grandmaster
  • Spawn Location: 1:00

Nerchio

  • Race: Zerg Zerg
  • League: Grandmaster
  • Spawn Location: 11:00

Event: 2019 WCS Winter Europe

VOD

Have the link to the VOD?

Description

Time

  • Played on: Feb. 7, 2019, 10:34 a.m.
  • Length: 11:44

All games in this series

Show
View Real Time Build Order
Export as new Build Order

PtitDrogo Protoss - Winner!

Build Orders: 1 Gate Expand, Oracle Opening, Phoenix Opening, Archon Immortal, Mass Phoenix 

Get SALT Encoding   

  12  0:00  Probe  
  13  0:12  Probe  
  14  0:20  Pylon  
  14  0:24  Probe  
  15  0:34  Probe  
  15  0:42  Probe  
  16  0:44  Gateway  
  16  0:48  Assimilator  
  17  0:52  Probe  
  18  1:04  Probe  
  19  1:16  Probe  
  20  1:26  Nexus  
  20  1:38  Cybernetics Core  
  20  1:40  Probe  
  21  1:48  Assimilator  
  21  1:52  Probe  
  22  1:56  Pylon  
  22  2:04  Adept  
  22  2:05  Probe  
  25  2:17  Probe  
  25  2:20  Stargate  
  26  2:26  Warp Gate  
  26  2:28  Probe  
  27  2:34  Probe, Adept  
  27  2:36  Probe  
  29  2:42  Probe  
  31  2:47  Probe  
  33  2:52  Probe  
  34  2:59  Probe  
  34  3:02  Phoenix  
  34  3:04  Probe  
  36  3:11  Probe  
  39  3:16  Pylon  
  39  3:17  Probe  
  40  3:23  Probe  
  40  3:24  Oracle  
  41  3:29  Assimilator, Probe  
  41  3:32  Assimilator  
  45  3:35  Probe  
  45  3:41  Probe  
  47  3:47  Probe  
  48  3:48  Stargate  
  48  3:53  Probe  
  48  3:55  Pylon  
  49  3:59  Probe  
  50  4:05  Probe  
  50  4:06  Phoenix  
  53  4:11  Probe, Pylon  
  53  4:15  Pylon  
  54  4:17  Probe  
  54  4:23  Phoenix  
  54  4:24  Phoenix  
  55  4:25  Probe  
  55  4:30  Probe  
  57  4:37  Probe  
  62  4:42  Zealot  
  64  4:46  Phoenix  
  64  4:49  Phoenix  
  68  4:56  Nexus  
  68  4:57  Pylon  
  68  4:58  Probe  
  68  4:59  Probe  
  70  5:05  Pylon  
  70  5:10  Probe  
  70  5:11  Phoenix  
  73  5:14  Phoenix  
  73  5:16  Probe  
  76  5:24  Robotics Facility  
  76  5:26  Robotics Facility  
  76  5:31  Sentry  
  76  5:35  Gateway x2  
  78  5:40  Probe  
  78  5:41  Probe  
  80  5:53  Probe  
  83  5:59  Probe  
  83  6:03  Twilight Council, Forge  
  80  6:04  Probe  
  80  6:05  Probe  
  82  6:11  Probe  
  82  6:12  Probe  
  82  6:13  Immortal  
  82  6:17  Probe  
  89  6:19  Protoss Ground Weapons Level 1  
  87  6:25  Probe  
  87  6:26  Probe  
  87  6:28  Immortal  
  87  6:29  Charge, Probe  
  87  6:30  Assimilator  
  94  6:33  Assimilator, Pylon  
  94  6:34  Sentry  
  94  6:38  Probe  
  94  6:39  Templar Archives  
  97  6:41  Probe  
  97  6:46  Probe  
  99  6:50  Probe  
  99  6:52  Immortal, Pylon  
  104  6:57  Psionic Storm, Probe  
  105  7:02  Probe  
  104  7:21  Gateway  
  102  7:23  Gateway  
  102  7:24  High Templar x2  
  102  7:26  Gateway  
  106  7:30  Photon Cannon, Shield Battery  
  106  7:31  Gateway  
  106  7:33  Pylon  
  106  7:34  High Templar, Gateway  
  106  7:36  Gateway  
  108  7:37  Gateway  
  108  7:38  Warp Prism  
  108  7:39  Observer  
  111  7:51  Pylon  
  111  7:53  Protoss Ground Weapons Level 2  
  111  7:56  High Templar x2  
  115  8:04  Immortal x2, Nexus  
  115  8:07  Pylon  
  115  8:10  Assimilator  
  115  8:14  Assimilator  
  115  8:19  Probe  
  124  8:21  Pylon  
  117  8:36  Zealot x4, High Templar x2  
  117  8:37  Zealot x4  
  137  8:42  Archon  
  137  8:45  Photon Cannon, Pylon  
  137  8:49  Photon Cannon  
  137  8:51  Probe  
  137  8:54  Pylon  
  138  8:55  Pylon  
  142  9:07  Zealot x2  
  142  9:08  Zealot x4  
  150  9:16  High Templar  
  142  9:17  High Templar x3  
  144  9:29  Immortal  
  140  9:35  High Templar x2  
  140  9:36  Zealot x4  
  156  9:41  Archon  
  156  9:44  Photon Cannon  
  156  9:48  Warp Prism  
  160  9:54  High Templar x2  
  160  9:55  Zealot x2  
  160  9:56  Zealot  
  160  9:57  Zealot x3  
  160  9:58  Archon  
  174  10:02  Archon  
  174  10:12  Zealot x2  
  142  10:29  High Templar x2  
  142  10:30  Zealot x6  
  156  10:46  High Templar x2  
  156  10:50  Archon  
  156  10:55  Zealot x6, Nexus  
  156  10:56  Pylon  
  168  11:02  High Templar x2  
  172  11:07  Archon  
  166  11:23  High Templar x4  
  166  11:24  Zealot x4  
  138  11:35  Archon x2  
  138  11:36  Zealot x2  
Show
View Real Time Build Order
Export as new Build Order

Nerchio Zerg 

Build Orders: Hatch First 

Get SALT Encoding   

  12  0:00  Drone  
  13  0:12  Overlord  
  13  0:17  Drone  
  14  0:31  Drone x2  
  16  0:50  Hatchery  
  16  0:53  Drone  
  17  0:57  Drone  
  17  1:00  Drone  
  18  1:11  Extractor  
  17  1:16  Spawning Pool  
  16  1:19  Drone  
  16  1:22  Drone  
  18  1:28  Drone  
  19  1:39  Drone  
  20  1:49  Overlord  
  20  2:01  Drone  
  20  2:03  Queen  
  20  2:06  Queen  
  25  2:11  Zergling x4  
  25  2:14  Metabolic Boost  
  27  2:18  Drone  
  29  2:22  Drone  
  29  2:24  Drone  
  30  2:34  Drone  
  30  2:35  Drone  
  32  2:46  Hatchery  
  32  2:49  Overlord  
  31  2:56  Queen  
  33  2:59  Drone  
  33  3:01  Drone  
  33  3:03  Drone  
  36  3:09  Drone x2  
  38  3:15  Overlord  
  38  3:17  Drone x2  
  40  3:21  Zergling x4  
  40  3:23  Drone  
  43  3:27  Spore Crawler  
  43  3:28  Drone  
  43  3:30  Drone  
  43  3:34  Overlord  
  44  3:39  Queen  
  46  3:44  Drone x2  
  46  3:45  Drone  
  49  3:49  Spore Crawler  
  49  3:53  Drone  
  49  3:54  Drone x2  
  51  3:59  Spore Crawler  
  51  4:00  Queen  
  51  4:02  Drone  
  53  4:05  Drone  
  53  4:06  Drone  
  53  4:07  Drone  
  53  4:09  Drone  
  57  4:12  Overlord  
  57  4:15  Drone  
  58  4:19  Overlord  
  58  4:21  Overlord  
  58  4:26  Roach Warren  
  57  4:37  Lair  
  57  4:39  Drone  
  57  4:40  Drone  
  57  4:41  Drone x5  
  57  4:45  Extractor  
  62  4:47  Drone x4  
  62  4:48  Extractor  
  62  4:49  Drone  
  62  4:51  Drone  
  67  4:57  Drone x4  
  71  5:01  Overlord  
  71  5:02  Extractor  
  71  5:03  Drone  
  71  5:04  Drone  
  71  5:05  Overlord  
  72  5:10  Queen  
  72  5:13  Overlord  
  74  5:14  Overlord  
  74  5:21  Zergling x4  
  76  5:32  Spore Crawler  
  76  5:35  Drone x10  
  84  5:41  Hydralisk Den  
  83  5:44  Queen x2  
  83  5:46  Queen  
  85  5:50  Drone x5  
  85  5:55  Overlord  
  85  5:56  Overlord  
  86  6:00  Overlord  
  86  6:01  Overlord  
  86  6:03  Drone  
  86  6:04  Drone  
  88  6:07  Spore Crawler  
  88  6:10  Extractor  
  85  6:12  Grooved Spines  
  85  6:15  Extractor  
  85  6:16  Drone x6  
  85  6:17  Drone  
  85  6:18  Drone  
  92  6:27  Overseer  
  92  6:29  Evolution Chamber  
  91  6:36  Infestation Pit  
  89  6:50  Hydralisk x2  
  89  6:51  Hydralisk x7  
  107  6:55  Zerg Missile Weapons Level 1  
  107  6:57  Overlord  
  107  6:58  Hatchery  
  105  7:02  Hydralisk x3  
  105  7:03  Hydralisk  
  110  7:08  Drone  
  110  7:09  Drone x4  
  110  7:13  Overlord x2  
  109  7:17  Pneumatized Carapace  
  109  7:20  Baneling Nest  
  108  7:25  Hydralisk x3  
  114  7:31  Overlord x2  
  114  7:44  Hatchery  
  114  7:48  Hydralisk  
  114  7:49  Hydralisk x4  
  123  8:04  Hive  
  123  8:07  Spire  
  123  8:12  Drone x10  
  128  8:15  Drone  
  128  8:16  Drone  
  130  8:27  Extractor  
  130  8:29  Extractor  
  128  8:37  Hydralisk x8  
  144  8:47  Overlord  
  144  8:48  Overlord x2  
  144  8:54  Evolution Chamber  
  143  8:58  Zergling x18  
  143  9:01  Overseer  
  152  9:11  Zergling x12  
  156  9:18  Spore Crawler, Zergling x2  
  156  9:19  Zergling x12, Spine Crawler  
  160  9:30  Zergling x2  
  160  9:31  Zergling x20  
  165  9:34  Baneling x5  
  165  9:39  Baneling x10  
  165  9:40  Baneling  
  165  9:44  Drone x4  
  169  9:46  Drone x2  
  169  9:49  Zerg Melee Weapons Level 1  
  171  9:53  Baneling x7  
  171  9:57  Centrifical Hooks  
  171  10:04  Greater Spire  
  171  10:12  Baneling x10  
  164  10:14  Zergling x2  
  164  10:15  Zergling x20  
  165  10:24  Hydralisk x4  
  153  10:29  Muscular Augments  
  153  10:32  Drone x6  
  154  10:36  Drone x2  
  154  10:37  Drone x3  
  154  10:39  Baneling  
  154  10:40  Baneling x4  
  158  10:49  Baneling x15  
  158  10:57  Zergling x16  
  158  11:01  Baneling  
  158  11:02  Baneling x2  
  166  11:10  Extractor  
  165  11:13  Spine Crawler x2  
  165  11:14  Spine Crawler  
Tags
 
Add a new tag
Caveats
  • Supply blocks, unpowered buildings, or Contaminate may cause inaccurate times.
  • Supply counts are checked every 10 seconds.